 Dungeon Crawl Stone Soup version 0.30.0-18-gc0e69614cb (webtiles) character file.

Game seed: 408490323166066110

1007 Cheops the Sneak (level 8, 0/60 HPs)
             Began as an Armataur Earth Elementalist on May 26, 2023.
             Was a Follower of Uskayaw.
             Slain by an orc warrior
             ... wielding a +0 glaive
              (17 damage)
             ... on level 6 of the Dungeon.
             The game lasted 00:18:17 (6062 turns).

Cheops the Sneak (Armataur Earth Elementalist)      Turns: 6062, Time: 00:18:18

Health: 0/60       AC:  5    Str: 20    XL:     8   Next: 0%
Magic:  1/11       EV:  9    Int: 23    God:    Uskayaw [*.....]
Gold:   228        SH:  0    Dex:  9    Spells: 1/11 levels left

rFire   . . .        a - +1 short sword (vamp)
rCold   . . .        (no shield)
rNeg    . . .        h - +0 robe
rPois   .            (helmet restricted)
rElec   .            (no cloak)
rCorr   .            i - +0 pair of gloves
SInv    .            (no barding)
Will    .....        (no amulet)
Stlth   +++          w - +6 ring of intelligence
HPRegen 0.30/turn    z - +6 ring of strength
MPRegen 0.12/turn

%: roll
@: no status effects
A: large, rugged brown scales 3, deformed body, armoured tail, roll, long
tongue, awkward tongue, horns 2, clumsy 1, wild magic 1, MP-powered wands
a: Renounce Religion, Stomp


You were on level 6 of the Dungeon.
You worshipped Uskayaw.
Uskayaw was noncommittal.
You visited 2 branches of the dungeon, and saw 7 of its levels.

You collected 278 gold pieces.
You spent 50 gold pieces at shops.

Inventory:

Hand Weapons
 a - a +1 vampiric short sword (weapon)
 b - a +0 dagger
Armour
 h - a +0 robe (worn)
 i - a +0 pair of gloves (worn)
Jewellery
 w - a +6 ring of intelligence (left hand)
 z - a +6 ring of strength (right hand)
Wands
 n - a wand of polymorph (5)
 y - a wand of flame (19)
Scrolls
 c - 2 scrolls of fog {unknown}
 d - a scroll of poison
 g - 3 scrolls of blinking {unknown}
 k - a scroll of amnesia {unknown}
 l - 2 scrolls of fear {unknown}
 o - 2 scrolls of torment
 p - 4 scrolls of teleportation
 q - a scroll of silence {unknown}
 r - a scroll of butterflies
 t - a scroll of immolation
Potions
 e - a potion of brilliance
 f - a potion of might {unknown}
 j - a potion of magic
 m - 2 potions of flight {unknown}
 s - 2 potions of lignification {unknown}
 u - a potion of cancellation {unknown}
 v - a potion of attraction {unknown}
 x - a potion of curing
 A - a potion of heal wounds {unknown}


   Skills:
 - Level 1.3 Dodging
 + Level 6.7 Stealth
 - Level 2.0 Spellcasting
 - Level 5.0 Conjurations
 * Level 1.5 Transmutations
 - Level 5.0 Earth Magic


You had one spell level left.
You knew the following spells:

 Your Spells              Type           Power      Damage    Failure   Level
a - Sandblast             Erth           64%        2d14      3%          1
b - Stone Arrow           Conj/Erth      64%        3d11      8%          3
p - Petrify               Tmut/Erth      22%        N/A       41%         4
P - Passwall              Tmut/Erth      18%        N/A       8%          2

Your spell library contained the following spells:

 Spells                   Type           Power      Damage    Failure   Level
 Magic Dart               Conj           100%       1d8       3%          1
 Call Imp                 Summ           4%         N/A       26%         2
 Mephitic Cloud           Conj/Pois/Air  12%        N/A       28%         3
 Inner Flame              Hex/Fire       2%         N/A       45%         3
 Yara's Violent Unravell  Hex/Tmut       3%         3d4       97%         5
 Enfeeble                 Hex            1%         N/A       100%        7


Dungeon Overview and Level Annotations

Branches:
Dungeon (6/15)             Temple (1/1) D:4

Altars:
Cheibriados
Hepliaklqana
Kikubaaqudgha
Qazlal
Ru
Trog
Uskayaw
Wu Jian
Xom
Yredelemnul
Zin

Shops:
D:2 *


Innate Abilities, Weirdness & Mutations

You are completely covered in rugged brown scales. (AC +3, +7% HP)
Armour fits poorly on your strangely shaped body.
You have a long armoured tail.
You roll when moving toward enemies. (Rampage)
Your long tongue fully drains potion bottles. (2x potion effects)
Your tongue gives you trouble enunciating. (1.5x scroll delay)
You have a pair of horns on your head.
You are clumsy. (Dex -2)
Your spells are a little harder to cast, but a little more powerful.
You expend magic power (3 MP) to strengthen your wands.


Message History

The orc warrior barely misses you. x2
Casting: Sandblast (safe; 3% risk of failure)
Confirm with . or Enter, or press ? or * to list all spells.
Aiming: Sandblast (safe; 3% risk of failure)
Press: ? - help, Shift-Dir - straight line, f/p - orc warrior
Aim: an orc warrior, wielding a +0 glaive and wearing a +0 plate armour (almost dead, 84% to hit)
The blast of sand misses the orc warrior.
The orc warrior barely misses you.
Casting: Sandblast (safe; 3% risk of failure)
Confirm with . or Enter, or press ? or * to list all spells.
You don't have enough magic to cast this spell.
The orc warrior closely misses you.
You hit the orc warrior but do no damage.
Your headbutt misses the orc warrior.
Your tail-slap misses the orc warrior.
The orc warrior is almost dead.
The orc warrior misses you.
You barely miss the orc warrior.
The orc warrior is almost dead.
The orc warrior hits you with a +0 glaive.
You hit the orc warrior but do no damage.
Your headbutt misses the orc warrior.
The orc warrior is almost dead.
The orc warrior closely misses you.
You can no longer pass through a line of other dancers.
You barely miss the orc warrior.
The orc warrior is almost dead.
The orc warrior hits you with a +0 glaive!
You hit the orc warrior but do no damage.
You headbutt the orc warrior, but do no damage.
The orc warrior is almost dead.
The orc warrior hits you with a +0 glaive!
* * * LOW HITPOINT WARNING * * *
You hit the orc warrior but do no damage.
The orc warrior is almost dead.
The orc warrior hits you with a +0 glaive!
* * * LOW HITPOINT WARNING * * *
You hit the orc warrior but do no damage.
The orc warrior is almost dead.
The orc warrior hits you with a +0 glaive!
You die...

#..####................#....<
#...# ##.............###.....
####..# #............####.....
###..#..# #............###...##.
........####.....###.#...###.##..
..........#.##...# ####...#..##..
.....##.........#######.....)#..#
#.####..o........##<#.........)##
####..<†......#.@...........##)##
###......#..o#.....#....###).#
#.......#..###.[.....#..#....
##.....#.#.##.##.#)..##..#....
#...........#.'.............#.
#........#.##.##.#.........###
##......####...####.........#
##....>.##?...)...(##....###...
#...###..####...####...... #...


You could see an orc warrior.

Vanquished Creatures
  A water moccasin (D:6)
  An ice beast (D:5)
  A kobold brigand (D:6)
  A howler monkey (D:5)
  A crimson imp (D:4)
  3 hounds
  4 jellies (D:5)
  An orc priest (D:4)
  A gnoll bouda (D:5)
  5 iguanas
  2 sleepcaps
  5 gnolls
  9 adders
  2 shadow imps
  An ufetubus (D:4)
  4 worms
  2 dart slugs
  11 orcs
  2 bats
  5 endoplasms
  2 giant cockroaches (D:4)
  3 hobgoblins
  3 quokkas
  4 ball pythons
  4 frilled lizards
  5 goblins
  9 kobolds
  4 rats
96 creatures vanquished.

Vanquished Creatures (others)
  A wizard (D:4)
1 creature vanquished.

Grand Total: 97 creatures vanquished

Notes
Turn   | Place    | Note
-------+----------+-------------------------------------------
     0 | D:1      | Cheops the Armataur Earth Elementalist began the quest for
                  | the Orb.
     0 | D:1      | Reached XP level 1. HP: 14/14 MP: 3/3
   371 | D:1      | Found a faded altar of an unknown god.
   474 | D:1      | Reached XP level 2. HP: 21/21 MP: 2/4
  1095 | D:1      | Learned a level 2 spell: Passwall
  1145 | D:2      | Found Ycsithak's General Store.
  1589 | D:2      | Reached skill level 3 in Stealth
  1589 | D:2      | Reached XP level 3. HP: 27/27 MP: 1/5
  2065 | D:2      | Bought a scroll of identify for 20 gold pieces
  2065 | D:2      | Bought a scroll of teleportation for 30 gold pieces
  2232 | D:3      | Gained mutation: You expend magic power (3 MP) to
                  | strengthen your wands. [potion of mutation]
  2232 | D:3      | Gained mutation: You have a pair of small horns on your
                  | head. [potion of mutation]
  2232 | D:3      | Gained mutation: You are clumsy. (Dex -2) [potion of
                  | mutation]
  2232 | D:3      | Gained mutation: You have a pair of horns on your head.
                  | [potion of mutation]
  2232 | D:3      | Gained mutation: Your spells are a little harder to cast,
                  | but a little more powerful. [potion of mutation]
  2233 | D:3      | HP: 1/27 [poisoned by an adder]
  2372 | D:3      | Found an ornate altar of the Wu Jian Council.
  2829 | D:3      | Reached XP level 4. HP: 35/35 MP: 3/6
  2951 | D:3      | Learned a level 3 spell: Stone Arrow
  3086 | D:4      | Found a snail-covered altar of Cheibriados.
  3588 | D:4      | Noticed Grinder
  3810 | D:4      | Found a staircase to the Ecumenical Temple.
  3824 | Temple   | Entered the Ecumenical Temple
  3855 | Temple   | Became a worshipper of Uskayaw the Reveller
  3869 | D:4      | Grinder changed into Grinder the crimson imp
  3869 | D:4      | Noticed Grinder
  3875 | D:4      | Reached XP level 5. HP: 40/40 MP: 2/7
  3877 | D:4      | Reached * piety under Uskayaw
  3879 | D:4      | Reached skill level 4 in Stealth
  3879 | D:4      | Reached ** piety under Uskayaw
  3885 | D:4      | Reached *** piety under Uskayaw
  3886 | D:4      | Killed Grinder the crimson imp
  4008 | D:4      | Found a bloodstained altar of Trog.
  4012 | D:4      | Noticed a wizard
  4017 | D:4      | Killed a wizard
  4082 | D:4      | Reached skill level 5 in Earth Magic
  4352 | D:4      | Reached skill level 1 in Conjurations
  4352 | D:4      | Reached XP level 6. HP: 48/48 MP: 6/9
  4444 | D:5      | Entered Level 5 of the Dungeon
  4564 | D:5      | Reached skill level 5 in Stealth
  5048 | D:5      | Reached XP level 7. HP: 53/53 MP: 6/10
  5267 | D:5      | Found a sacrificial altar of Ru.
  5354 | D:5      | Found a hazy altar of Hepliaklqana.
  5439 | D:6      | Learned a level 4 spell: Petrify
  5506 | D:6      | Reached skill level 6 in Stealth
  5803 | D:5      | Reached skill level 5 in Conjurations
  5847 | D:5      | Reached skill level 1 in Transmutations
  5995 | D:6      | Reached XP level 8. HP: 60/60 MP: 6/11
  6062 | D:6      | Slain by an orc warrior

Illustrated notes

Levels and vault maps discovered:
D:1:      dpeg_arrival_pits, layout_loops_corners,
          shapermc_ecumenical_altar_hornbeckon, minmay_misc_feat_alley
D:2:      layout_loops_ring, serial_shops, shop
D:3:      layout_basic, mainiacjoe_overflow_cross_hatched
D:4:      layout_loops_cross, lemuel_tele_altar, trog_wizard,
          minmay_temple_entry_hall, uniq_grinder
D:5:      layout_rooms, nicolae_ru_path_of_blood, mainiacjoe_overflow_alcove_1,
          serial_aquarium, aquarium_bridge_long_joined
          [aquarium_subvault_balcony, aquarium_subvault_bridge,
          aquarium_subvault_wall, aquarium_subvault_balcony,
          aquarium_subvault_balcony, aquarium_subvault_bridge],
          aquarium_bridge_square [aquarium_subvault_bridge,
          aquarium_subvault_wall, aquarium_subvault_wall,
          aquarium_subvault_window], aquarium_window_fake, aquarium_window_fake,
          aquarium_window_fake, aquarium_window_corner, aquarium_view_2d,
          aquarium_balcony_3b, aquarium_pool_S
D:6:      layout_cave_pools, old_standard_altar,
          minmay_fractal_squares_gapless_5
Temple:   nicolae_temple_stand_before_the_council

Skill      XL: |  1  2  3  4  5  6  7 |
---------------+----------------------+-----
Earth Magic    | 3 4 5 |  5.0
Stealth        | 3 4 5 6 |  6.7
Spellcasting   | 2 |  2.0
Conjurations   | 1 3 5 |  5.0
Transmutations | 1 |  1.5
Dodging        | |  1.3

Action                     |  1- 3 |  4- 6 |  7- 9 || total
---------------------------+-------+-------+-------++-------
  Melee: Dagger            |     7 |       |       ||     7
         Tailslap          |     3 |     2 |       ||     5
         Short sword       |     5 |    19 |     9 ||    33
         Headbutt          |       |     1 |     2 ||     3
   Cast: Sandblast         |    57 |    71 |    44 ||   172
         Passwall          |       |     1 |       ||     1
         Stone Arrow       |       |       |     6 ||     6
  Evoke: Wand              |       |     1 |       ||     1
    Use: Potion            |     5 |       |       ||     5
         Scroll            |     2 |       |     3 ||     5
   Stab: Paralysed         |       |     1 |       ||     1
 Armour: Robe              |    12 |    13 |     3 ||    28
  Dodge: Dodged            |    21 |    15 |    16 ||    52
